AoeStats
← 2

Nomad

503243141Analyzed
1v1 RM · 11d ago on Aug 30, 2026· 22m 43s· 2 players
Game mode
Random Map
Map size
126×126
Population
200
Speed
Normal
Resources
Standard
Victory
Conquest
Starting age
Dark Age
Ending age
Imperial Age
RankedLock teamsTeams togetherTeam positionsShared explorationLock speedFull tech treeHidden civsTurbo modeCheats
Victory
Defeat
🇩🇪 Bengalis · Germany
1729
+13
🇷🇺 Spanish · Russia
1656
-13
2
11:44 Feudal Age
10:43 Loom
15:24 Castle Age
13:12 Double-Bit Axe
14:32 Gold Mining
16:42 Redemption
21:21 Sanctity
Leon
5:54 Loom
13:28 Feudal Age
16:40 Double-Bit Axe
19:29 Castle Age
17:29 Stone Mining
20:29 Fletching
Connection lost

Rejoining the realm…

Still unreachable

The connection could not be restored.

Session expired

The server has moved on; the page needs a fresh start.